 Dungeon Crawl Stone Soup version 0.24.0-41-g2ae2f7f1be (webtiles) character file.

Game seed: 16676749447773789507, levelgen mode: deterministic

55046 H0rd4k the Eclecticist (level 14, -3/72 HPs)
             Began as a Deep Elf Wizard on Dec 12, 2019.
             Was an Initiate of Gozag.
             Slain by Fioss's ghost (6 damage)
             ... on level 4 of the Lair of Beasts on Dec 13, 2019.
             The game lasted 01:50:58 (30988 turns).

H0rd4k the Eclecticist (Deep Elf Wizard)           Turns: 30988, Time: 01:51:01

Health: -3/72      AC:  7    Str:  4    XL:     14   Next: 36%
Magic:  0/39       EV: 14    Int: 35    God:    Gozag
Gold:   421        SH:  0    Dex: 16    Spells: 21/52 levels left

rFire    x . .     SeeInvis .   X - staff of energy
rCold    . . .     Gourm    .   (no shield)
rNeg     . . .     Faith    .   I - +2 leather armour of Pan-Flutes {*Slow rF- Int+6 Dex+3}
rPois    +         Spirit   +   b - +0 hat
rElec    .         Reflect  .   V - scarf {Spirit}
rCorr    .         Harm     .   f - +1 pair of gloves
MR       ++...                  (no boots)
Stlth    +++.......             C - amulet of the acrobat
HPRegen  0.22/turn              j - ring of protection from magic
MPRegen  0.26/turn              m - ring of poison resistance

@: gold aura, studying Dodging
A: screaming 1
a: Potion Petition, Call Merchant, Bribe Branch, Renounce Religion


You were on level 4 of the Lair of Beasts.
You worshipped Gozag.
Gozag was aware of your devotion.
You were not hungry.

You visited 4 branches of the dungeon, and saw 20 of its levels.

You collected 5645 gold pieces.
You spent 2590 gold pieces at shops.
You paid 2634 gold pieces to Gozag.

Inventory:

Hand Weapons
 y - the +2 short sword of Indignation {pierce, rElec MR+}
   (You bought it in a shop on level 9 of the Dungeon)

   It inflicts extra damage upon your enemies.
   It insulates you from electricity.
   It affects your resistance to hostile enchantments.
 E - the +8 dagger "Hunuin" {pierce, +Inv}
   (You bought it in a shop on level 2 of the Orcish Mines)

   It inflicts extra damage upon your enemies.
   It lets you turn invisible.
 G - the +8 shortbow of Salt {velocity, Int+3}
   (You bought it in a shop on level 2 of the Orcish Mines)

   Any arrow fired from it inflicts extra damage.
   It affects your intelligence (+3).
Missiles
 q - 22 arrows
Armour
 b - a +0 hat (worn)
 f - a +1 pair of gloves (worn)
 I - the +2 leather armour of Pan-Flutes (worn) {*Slow rF- Int+6 Dex+3}
   (You found it on level 10 of the Dungeon)

   It affects your intelligence (+6).
   It affects your dexterity (+3).
   It makes you vulnerable to fire.
   It may slow you when you take damage.
 T - a +1 cloak of poison resistance
 V - a scarf of spirit shield (worn)
Magical Staves
 X - an uncursed staff of energy (weapon)
Jewellery
 j - a ring of protection from magic (left hand)
 m - a ring of poison resistance (right hand)
 C - an amulet of the acrobat (around neck)
 K - an uncursed ring of fire
Wands
 k - a wand of random effects (20)
 t - a wand of iceblast (16)
 A - a wand of polymorph (12)
 F - a wand of flame (11)
 M - a wand of acid (24)
 O - a wand of paralysis (10)
 Y - a wand of scattershot (3)
Scrolls
 a - 2 scrolls of fog
 c - 2 scrolls of amnesia
 e - 11 scrolls of teleportation
 g - 2 scrolls of enchant armour
 h - 4 scrolls of magic mapping
 i - 2 scrolls of enchant weapon
 n - 5 scrolls of remove curse
 s - 5 scrolls of noise
 Q - 2 scrolls of silence
 W - a scroll of fear
Potions
 l - 13 potions of curing
 o - 6 potions of brilliance
 p - 5 potions of flight
 r - 4 potions of ambrosia
 v - a potion of invisibility
 x - 3 potions of haste
 J - 3 potions of agility
 R - 2 potions of might
 U - a potion of resistance
 Z - 2 potions of berserk rage
Books
 S - a manual of Dodging
Comestibles
 d - 27 rations


   Skills:
 + Level 2.1 Fighting
 + Level 5.9 Dodging
 + Level 5.0 Stealth
 + Level 19.5 Spellcasting
 + Level 14.4 Conjurations
 - Level 10.2 Hexes
   Level 1.1 Summonings
 + Level 4.8 Translocations
 + Level 0.5 Transmutations
 + Level 2.7 Fire Magic
 + Level 0.1 Ice Magic
 * Level 3.4 Air Magic
 + Level 9.4 Poison Magic
 + Level 0.6 Evocations


You had 21 spell levels left.
You knew the following spells:

 Your Spells              Type           Power        Failure   Level  Hunger
a - Magic Dart            Conj           ####         0%          1    None
b - Blink                 Tloc           N/A          1%          2    None
c - Conjure Flame         Conj/Fire      #######.     1%          3    None
d - Mephitic Cloud        Conj/Pois/Air  #######.     1%          3    None
e - Force Lance           Conj/Tloc      #######.     1%          4    None
f - Fulminant Prism       Conj/Hex       #######...   1%          4    None
g - Venom Bolt            Conj/Pois      #######...   1%          5    None
h - Lightning Bolt        Conj/Air       #######...   1%          5    None
i - Ice Form              Ice/Tmut       #####...     14%         4    None

Your spell library contained the following spells:

 Spells                   Type           Power        Failure   Level  Hunger
 Sting                    Conj/Pois      ####         0%          1    None
 Searing Ray              Conj           ######       0%          2    None
 Beastly Appendage        Tmut           #####.       1%          1    None
 Corona                   Hex            #######      1%          1    None
 Shock                    Conj/Air       ####         1%          1    None
 Summon Small Mammal      Summ           ####         1%          1    None
 Call Imp                 Summ           #####...     1%          2    None
 Poisonous Vapours        Pois/Air       ######       1%          2    None
 Slow                     Hex            #######.     1%          2    None
 Sticks to Snakes         Tmut           #####...     1%          2    None
 Swiftness                Chrm/Air       #####...     1%          2    None
 Dazzling Spray           Conj/Hex       ######       1%          3    None
 Inner Flame              Hex/Fire       ######..     1%          3    None
 Portal Projectile        Hex/Tloc       ######       1%          3    None
 Spider Form              Tmut/Pois      ######....   1%          3    None
 Static Discharge         Conj/Air       #######.     1%          3    None
 Summon Guardian Golem    Hex/Summ       ######..     1%          3    None
 Cause Fear               Hex            #######...   1%          4    None
 Iskenderun's Mystic Bla  Conj           #######.     1%          4    None
 Leda's Liquefaction      Hex/Erth       ######....   1%          4    None
 Olgreb's Toxic Radiance  Pois           #######.     1%          4    None
 Call Canine Familiar     Summ           #####...     3%          3    None
 Airstrike                Air            ######....   4%          4    None
 Summon Lightning Spire   Summ/Air       ######..     6%          4    None
 Summon Ice Beast         Ice/Summ       #####...     13%         4    None
 Blade Hands              Tmut           #####.....   36%         5    None


Dungeon Overview and Level Annotations

Branches:
Dungeon (11/15)            Temple (1/1) D:6            Lair (6/6) D:9
 Shoals (0/4) Lair:3        Snake (0/4) Lair:2        Slime (0/5) Lair:6
    Orc (2/2) D:11            Elf (0/3) Orc:2

Altars:
Cheibriados
Dithmenos
Elyvilon
Fedhas
Gozag
Makhleb
Nemelex Xobeh
Okawaru
Qazlal
Ru
Sif Muna
Uskayaw
Vehumet
Wu Jian
Xom
Yredelemnul
Zin
The Shining One
Beogh

Shops:
D:9 (:*   Orc:2 ?*=[(

Annotations:
D:4 exclusion: 2 downstairs
D:6 exclusion: downstairs
D:9 exclusion: 2 downstairs
Lair:1 exclusion: downstairs
Lair:2 exclusion: downstairs
Lair:3 exclusion: downstairs
Lair:4 Fioss's ghost, journeyman DDFi
Lair:5 exclusion: 2 downstairs
Orc:1 1 runed translucent door, Irehuruis's ghost, journeyman FoWz
Orc:2 exclusion: upstairs


Innate Abilities, Weirdness & Mutations

You occasionally shout uncontrollably at your foes.


Message History

Aiming: Lightning Bolt (safe; 1% risk of failure)
Press: ? - help, Shift-Dir - straight line, f/p - Fioss's ghost
Aim: Fioss's ghost, wielding a weapon of freezing (black smoke, almost destroyed)
You hear a mighty clap of thunder!
The bolt of lightning hits Fioss's ghost.
Fioss's ghost is almost destroyed.
Fioss's ghost hits you!!
* * * LOW HITPOINT WARNING * * *
Fioss's ghost freezes you.
* * * LOW HITPOINT WARNING * * *
Okay, then.
Unknown command.
You see here a scroll of immolation.
Casting: Lightning Bolt (safe; 1% risk of failure)
Confirm with . or Enter, or press ? or * to list all spells.
You blink.
Fioss's ghost hits you!
* * * LOW HITPOINT WARNING * * *
Fioss's ghost freezes you.
You die...
Your body crumbles into a pile of gold.

#P.....## ##..............
#.......## #..............
##.......# ###............
###.......# ##...........
#.#......### ##P.........
##.........# ###........
#.......P## ###########........
#........####.#§§§#.......#....
#P..[....##..§@W§§#......#.#...
#............§#§§§#........#...
##.......#..#######............
###.......#### ##.............
#P........# ##...........##.
#P........# #...............
##........# ##.(.............
#........# ##................
##.......# ##.................


You could see Fioss's ghost.

Vanquished Creatures
  Jorgrun (Orc:1)
  An orc warlord (Orc:2)
  Harold (D:7)
  A hydra (Lair:6)
  Erica (Orc:1)
  9 death yaks
  A death knight (D:10)
  2 two-headed ogres
  Nergalle (Lair:3)
  3 skeletal warriors (D:11)
  Pikel (D:7)
  An orc knight (Orc:2)
  An orc sorcerer (Orc:2)
  3 oklob plants (Lair:6)
  An ugly thing (D:11)
  5 elephants (Lair:6)
  A black mamba (Lair:4)
  11 spiny frogs
  9 komodo dragons
  8 trolls
  7 hornets
  19 blink frogs
  4 polar bears
  8 hippogriffs
  A dream sheep (Lair:4)
  Sigmund (D:5)
  A basilisk (Lair:6)
  A fire bat (Lair:1)
  13 spriggans (Lair:6)
  13 yaks
  2 wyverns
  A wraith (D:11)
  A fire elemental (Lair:1)
  A human (D:11)
  3 hungry ghosts
  A steam dragon (D:10)
  4 nagas (Lair:2)
  2 soldier ants (D:8)
  3 wargs
  Menkaure (D:5)
  2 hell hounds (Lair:1)
  6 porcupines
  10 water moccasins
  Duvessa (D:4)
  An ice beast (D:6)
  4 black bears
  2 sky beasts
  20 orc warriors
  2 necrophages
  8 ogres
  5 boggarts (Lair:6)
  31 wolves
  4 centaurs
  13 crocodiles
  Blork the orc (D:5)
  2 big kobolds
  15 bullfrogs
  4 scorpions
  Dowan (D:5)
  3 wights (D:9)
  11 killer bees (D:9)
  5 electric eels
  8 crimson imps
  3 bullfrog zombies
  4 centaur zombies
  16 orc priests
  A quasit (D:6)
  Crazy Yiuf (D:7)
  A centaur skeleton (D:9)
  10 hounds
  3 jellies
  25 orc wizards
  A bullfrog skeleton (D:11)
  2 iguanas
  12 worker ants
  A worker ant zombie (D:5)
  14 adders
  3 shadow imps
  5 oozes
  An adder skeleton (D:5)
  An adder zombie (D:7)
  10 dart slugs
  4 worms
  8 leopard geckos
  80 orcs
  8 bats
  6 giant cockroaches
  13 goblins
  6 hobgoblins
  7 jackals
  A quokka (D:5)
  3 ball pythons
  5 frilled lizards
  16 kobolds
  A leopard gecko skeleton (D:8)
  A quokka skeleton (D:5)
  8 rats
  A fungus (Lair:4)
  A plant (Lair:6)
591 creatures vanquished.

Vanquished Creatures (others)
  A bullfrog (D:7)
  A crimson imp (D:7)
  A hound (D:7)
  129 fulminant prisms
  23 fungi
  4 plants
159 creatures vanquished.

Grand Total: 750 creatures vanquished

Notes
Turn   | Place    | Note
-------+----------+-------------------------------------------
     0 | D:1      | H0rd4k the Deep Elf Wizard began the quest for the Orb.
     0 | D:1      | Reached XP level 1. HP: 10/10 MP: 7/7
   117 | D:2      | Reached skill level 5 in Spellcasting
   117 | D:2      | Reached XP level 2. HP: 9/15 MP: 2/10
   386 | D:2      | Reached XP level 3. HP: 16/19 MP: 1/12
   961 | D:1      | Reached skill level 6 in Spellcasting
  1164 | D:2      | Found a basalt altar of Yredelemnul.
  1286 | D:2      | Reached XP level 4. HP: 24/24 MP: 9/14
  1321 | D:2      | Noticed a +0 dagger
  1322 | D:2      | Found a hide-covered altar of Uskayaw.
  1322 | D:2      | Noticed a +0 dagger
  1584 | D:2      | Learned a level 2 spell: Blink
  1588 | D:2      | Learned a level 3 spell: Conjure Flame
  1592 | D:2      | Learned a level 3 spell: Mephitic Cloud
  2404 | D:3      | Reached XP level 5. HP: 28/28 MP: 10/16
  2787 | D:3      | Found an iron altar of Okawaru.
  2787 | D:3      | Found a blossoming altar of Fedhas.
  3228 | D:4      | Reached skill level 7 in Spellcasting
  3604 | D:4      | You fall into a shaft and drop 1 floor!
  3604 | D:5      | Entered Level 5 of the Dungeon
  3716 | D:4      | Reached XP level 6. HP: 30/32 MP: 12/18
  4209 | D:5      | Learned a level 4 spell: Force Lance
  4214 | D:5      | Learned a level 4 spell: Fulminant Prism
  4222 | D:5      | Noticed Sigmund
  4305 | D:5      | Noticed Duvessa
  4305 | D:5      | Noticed Dowan
  4348 | D:5      | Reached skill level 8 in Spellcasting
  4415 | D:5      | Found a white marble altar of Elyvilon.
  4480 | D:5      | Noticed Blork the orc
  4751 | D:5      | Killed Blork the orc
  4751 | D:5      | Reached XP level 7. HP: 36/36 MP: 4/21
  4890 | D:4      | Reached skill level 1 in Hexes
  4984 | D:4      | Reached skill level 9 in Spellcasting
  5276 | D:5      | Killed Dowan
  5282 | D:5      | Killed Sigmund
  5660 | D:4      | Killed Duvessa
  5882 | D:5      | Noticed Menkaure
  6189 | D:5      | Reached skill level 1 in Poison Magic
  6189 | D:5      | Reached XP level 8. HP: 42/42 MP: 16/23
  6269 | D:5      | Killed Menkaure
  6269 | D:5      | Reached skill level 5 in Conjurations
  6493 | D:5      | Reached skill level 10 in Spellcasting
  6554 | D:5      | HP: 1/42 [centaur (3)]
  6559 | D:5      | Reached skill level 1 in Air Magic
  6785 | D:6      | Found a staircase to the Ecumenical Temple.
  6973 | D:6      | Reached skill level 5 in Hexes
  7216 | D:6      | Reached skill level 1 in Fire Magic
  7250 | D:6      | Reached skill level 11 in Spellcasting
  7250 | D:6      | Reached XP level 9. HP: 46/46 MP: 13/26
  7515 | D:6      | Found an ornate altar of the Wu Jian Council.
  8050 | D:7      | Found a sacrificial altar of Ru.
  8155 | D:7      | Noticed Pikel
  8177 | D:7      | Killed Pikel
  8275 | D:7      | Found a shimmering blue altar of Sif Muna.
  8304 | D:7      | Reached skill level 12 in Spellcasting
  8338 | D:7      | Found a runed translucent door.
  8339 | D:7      | Noticed Crazy Yiuf
  8375 | D:7      | Noticed Harold
  8392 | D:7      | Killed Harold
  8392 | D:7      | Reached XP level 10. HP: 49/51 MP: 8/28
  9364 | D:8      | Found a sparkling altar of Nemelex Xobeh.
 10177 | Temple   | Entered the Ecumenical Temple
 10197 | Temple   | Became a worshipper of Gozag Ym Sagoz the Greedy
 10291 | D:9      | Reached skill level 13 in Spellcasting
 11297 | D:9      | Reached skill level 14 in Spellcasting
 11427 | D:9      | Got a faintly humming robe
 11438 | D:9      | Identified the cursed +0 robe "Juawkaucs" {*Contam rCorr
                  | Dex+3 Stlth+} (You found it on level 9 of the Dungeon)
 11464 | D:9      | Found a staircase to the Lair.
 11730 | D:9      | Reached XP level 11. HP: 28/55 MP: 19/31
 11883 | D:10     | Entered Level 10 of the Dungeon
 11912 | D:10     | Noticed a two-headed ogre
 11917 | D:10     | Killed a two-headed ogre
 11942 | D:10     | Noticed a death knight
 12451 | D:10     | Reached skill level 10 in Conjurations
 12559 | D:10     | Killed a death knight
 12559 | D:10     | Reached skill level 1 in Fighting
 12559 | D:10     | Reached skill level 10 in Hexes
 13063 | D:10     | Learned a level 5 spell: Venom Bolt
 13110 | D:10     | Got a bloodstained leather armour
 13231 | D:11     | Noticed a cyan ugly thing
 13240 | D:11     | Killed a cyan ugly thing
 13564 | D:11     | Noticed a skeletal warrior
 13575 | D:11     | Killed a skeletal warrior
 13812 | D:11     | Found a staircase to the Orcish Mines.
 13872 | D:11     | Reached skill level 15 in Spellcasting
 14017 | D:11     | Found a glowing golden altar of the Shining One.
 14121 | D:11     | Noticed a skeletal warrior
 14121 | D:11     | Noticed a skeletal warrior
 14132 | D:11     | Killed a skeletal warrior
 14187 | D:11     | Killed a skeletal warrior
 14187 | D:11     | Reached skill level 5 in Poison Magic
 14587 | D:11     | Found a stormy altar of Qazlal.
 14838 | D:11     | Identified the +2 leather armour of Pan-Flutes {*Slow rF-
                  | Int+6 Dex+3} (You found it on level 10 of the Dungeon)
 14887 | D:10     | Gained mutation: You occasionally shout uncontrollably at
                  | your foes. [mutagenic glow]
 14985 | D:7      | Killed Crazy Yiuf
 15103 | Lair:1   | Entered Level 1 of the Lair of Beasts
 15464 | Lair:1   | Found a transporter.
 15705 | Lair:1   | Reached XP level 12. HP: 60/60 MP: 28/33
 15756 | Lair:1   | Found a transporter.
 16770 | Lair:2   | Reached skill level 16 in Spellcasting
 16921 | Lair:2   | Reached skill level 5 in Dodging
 17920 | Lair:2   | Found a staircase to the Snake Pit.
 18765 | Lair:3   | Found a staircase to the Shoals.
 19428 | Lair:3   | Noticed Nergalle
 19431 | Lair:3   | Killed Nergalle
 19722 | Lair:4   | Noticed a death yak
 19722 | Lair:4   | Noticed a death yak
 20101 | Lair:4   | Reached skill level 17 in Spellcasting
 20730 | Lair:4   | Found a runed translucent door.
 20730 | Lair:4   | Noticed Fioss's ghost (journeyman DDFi)
 20756 | Lair:4   | Noticed a death yak
 20756 | Lair:4   | Noticed a death yak
 20803 | Lair:4   | Killed a death yak
 20804 | Lair:4   | Noticed a death yak
 21084 | Lair:4   | Killed a death yak
 21084 | Lair:4   | Reached XP level 13. HP: 66/66 MP: 28/36
 22486 | Lair:6   | Entered Level 6 of the Lair of Beasts
 22486 | Lair:6   | Found a staircase to the Slime Pits.
 22662 | Lair:6   | Reached skill level 18 in Spellcasting
 22887 | Lair:6   | Identified the ring of Ricka {Ice rPois Str-4 Dex+4}
 25838 | Lair:6   | Reached XP level 14. HP: 72/72 MP: 23/38
 26046 | Lair:6   | Learned a level 5 spell: Lightning Bolt
 26051 | Lair:6   | Learned a level 4 spell: Ice Form
 26207 | D:9      | Bought a scroll of acquirement for 832 gold pieces
 26210 | D:9      | Got an ancient wooden ring
 26212 | D:9      | Identified the ring "Renonir" {Ice -Tele Int+3 Dex+3} (You
                  | acquired it on level 9 of the Dungeon)
 26277 | D:9      | Bought a smoking short sword for 264 gold pieces
 26277 | D:9      | Bought a polished short sword for 264 gold pieces
 26278 | D:9      | Identified the cursed +3 short sword "Zimmukuk" {freeze,
                  | *Drain +Inv rPois MR+} (You bought it in a shop on level 9
                  | of the Dungeon)
 26280 | D:9      | Identified the +2 short sword of Indignation {pierce, rElec
                  | MR+} (You bought it in a shop on level 9 of the Dungeon)
 26450 | Orc:1    | Entered Level 1 of the Orcish Mines
 26450 | Orc:1    | Found a runed translucent door.
 26450 | Orc:1    | Found a shimmering altar of Xom.
 26450 | Orc:1    | Noticed Irehuruis's ghost (journeyman FoWz)
 26476 | Orc:1    | Noticed Jorgrun
 26480 | Orc:1    | Killed Jorgrun
 26480 | Orc:1    | Reached skill level 19 in Spellcasting
 26913 | Orc:1    | Noticed Erica
 26921 | Orc:1    | Killed Erica
 26923 | Orc:1    | Reached skill level 5 in Stealth
 27680 | Orc:2    | Entered Level 2 of the Orcish Mines
 27837 | Orc:2    | Found a roughly hewn altar of Beogh.
 28426 | Orc:2    | Found a roughly hewn altar of Beogh.
 28438 | Orc:2    | Found Vehuleph's Jewellery Emporium.
 28757 | Orc:2    | Found a roughly hewn altar of Beogh.
 28833 | Orc:2    | Found a roughly hewn altar of Beogh.
 29291 | Orc:2    | Found a roughly hewn altar of Beogh.
 29291 | Orc:2    | Found Ugubbaug's Assorted Antiques.
 29305 | Orc:2    | Bought a transparent robe for 199 gold pieces
 29443 | Orc:2    | Found a staircase to the Elven Halls.
 29557 | Orc:2    | Noticed an orc warlord
 29589 | Orc:2    | Killed an orc warlord
 29847 | Orc:2    | Found Nukuet's Antique Armour Shop.
 29849 | Orc:2    | Found a roughly hewn altar of Beogh.
 29853 | Orc:2    | Found Hingeal's Antique Weapon Boutique.
 29874 | Orc:2    | Bought a brightly glowing cloak for 275 gold pieces
 29874 | Orc:2    | Bought a smoking leather armour for 203 gold pieces
 29880 | Orc:2    | Bought a brightly glowing dagger for 217 gold pieces
 29880 | Orc:2    | Bought a crude shortbow for 248 gold pieces
 30047 | Orc:2    | Found Jaacedd's Magic Scroll Emporium.
 30309 | D:9      | Bought a scroll of identify for 32 gold pieces
 30309 | D:9      | Bought a scroll of identify for 32 gold pieces
 30310 | D:9      | Identified the +8 dagger "Hunuin" {pierce, +Inv} (You
                  | bought it in a shop on level 2 of the Orcish Mines)
 30311 | D:9      | Identified the +8 shortbow of Salt {velocity, Int+3} (You
                  | bought it in a shop on level 2 of the Orcish Mines)
 30321 | D:9      | Identified the +0 robe of Entitlement {MR+ MP+9} (You
                  | bought it in a shop on level 2 of the Orcish Mines)
 30322 | D:9      | Identified the cursed +0 leather armour "Awul Fia" {rElec
                  | Dex+3} (You bought it in a shop on level 2 of the Orcish
                  | Mines)
 30346 | D:9      | Identified the +0 cloak "Onomec" {Dex+3} (You bought it in
                  | a shop on level 2 of the Orcish Mines)
 30498 | Orc:2    | Bought a scroll of identify for 24 gold pieces
 30988 | Lair:4   | HP: 3/72 [Fioss's ghost (17)]
 30988 | Lair:4   | Slain by Fioss's ghost

Levels and vault maps discovered:
D:1:      minmay_arrival_solitary_statue, layout_rooms, minmay_heptomino_d4
D:2:      layout_basic, dancing_weapons_uskayaw, yredelemnul_altar_generic,
          first_ration, minmay_misc_feat_square, hangedman_decor_growths
D:3:      layout_loops_ring, chequers_temple_overflow_statue_of_worship
D:4:      layout_loops_corners, minmay_vboxes
D:5:      layout_rooms, basic_altar, nrook_mini_backslash, nzn_random_ring,
          uniq_duvessa, uniq_sigmund, uniq_blork_the_orc, uniq_menkaure
D:6:      layout_basic, lemuel_round_altar, minmay_temple_entry_tees
D:7:      layout_loops_ring, nicolae_overflow_crystal_walls, old_standard_altar,
          uniq_harold, uniq_pikel, uniq_crazy_yiuf_cottage
D:8:      layout_cave_pods, nemelex_xobeh_ov_fountains_minmay,
          hangedman_pestilent_swarm
D:9:      layout_loops_cross, erik_lair_island
D:10:     layout_cave_pools, statue_in_the_mist_lemuel, minmay_door_square
D:11:     layout_irregular_city, erik_orc_4, basic_altar, nrook_mini_vaults,
          nicolae_qazlal_eye_of_the_storm
Temple:   eino_temple_water
Lair:1:   gammafunk_cloud_chamber, layout_gridlike, columned_hall_lemuel,
          lemuel_fruit_tree
Lair:2:   layout_long_grid, minmay_snake_entry_guardpost_medium, serial_rivers,
          chequers_serial_rivers_micro_a, chequers_serial_rivers_small_3,
          chequers_serial_rivers_small_b, chequers_serial_rivers_micro_c,
          chequers_serial_rivers_small_b, chequers_serial_rivers_micro_b
Lair:3:   layout_misc_corridors, shoals_dummy_entry, serial_forest,
          infiniplex_forest_lined_corner, infiniplex_forest_clump_tiny,
          infiniplex_forest_clump_diagonal, infiniplex_forest_clump_small,
          infiniplex_forest_lined_room_3, infiniplex_forest_lined_2,
          grunt_megastairs_2, serial_bayou_shore_a, uniq_nergalle
Lair:4:   layout_hall_layers, ebering_ghost_inner_flame
Lair:5:   layout_misc_corridors, nicolae_quartered_pool_medium,
          grunt_megastairs_4, infiniplex_staircase_pool
Lair:6:   minmay_lair_end_enchanted_forest, layout_loops_ring,
          minmay_slime_entry_oklob_open, lemuel_fruit_fields
Orc:1:    layout_diamond_mine, ebering_ghost_xom, uniq_erica, uniq_jorgrun
Orc:2:    grunt_orc_community_town_hall, layout_diamond_mine,
          grunt_orc_community_big_house_1, grunt_orc_community_big_house_2,
          grunt_orc_community_house_2, grunt_orc_community_house_1,
          grunt_orc_community_house_1, grunt_orc_community_house_1,
          grunt_orc_community_house_1, serial_shops, nicolae_shop_waterfront

Skill      XL: |  1  2  3  4  5  6  7  8  9 10 11 12 13 14 |
---------------+-------------------------------------------+-----
Spellcasting   | 5 6 7 8 9 11 12 14 15 17 18 19 | 19.5
Dodging        | 3 4 5 |  5.9
Conjurations   | 2 3 4 6 8 9 11 12 14 | 14.4
Stealth        | 3 4 5 |  5.0
Hexes          | 3 5 7 9 10 | 10.2
Poison Magic   | 1 2 3 5 7 8 9 |  9.4
Translocations | 2 3 4 |  4.8
Air Magic      | 1 2 3 |  3.4
Fire Magic     | 1 2 |  2.7
Fighting       | 1 2 |  2.1
Summonings     | |  1.1
Transmutations | |  0.5
Ice Magic      | |  0.1
Evocations     | |  0.6

Action                   |  1- 3 |  4- 6 |  7- 9 | 10-12 | 13-15 || total
-------------------------+-------+-------+-------+-------+-------++-------
Melee: Unarmed           |       |       |       |     2 |       ||     2
       Staff             |       |       |       |     1 |     2 ||     3
 Cast: Magic Dart        |   120 |   206 |   273 |   389 |    14 ||  1002
       Conjure Flame     |       |     6 |    22 |    47 |       ||    75
       Mephitic Cloud    |       |     4 |    10 |    19 |       ||    33
       Blink             |       |     1 |    10 |    17 |    10 ||    38
       Fulminant Prism   |       |     2 |     7 |    82 |    39 ||   130
       Force Lance       |       |       |       |    22 |     2 ||    24
       Venom Bolt        |       |       |       |    97 |   226 ||   323
       Lightning Bolt    |       |       |       |       |    17 ||    17
       Ice Form          |       |       |       |       |     1 ||     1
Invok: Call Merchant     |       |       |       |       |     3 ||     3
Evoke: Wand              |       |       |     2 |     4 |     4 ||    10
  Use: Scroll            |       |     9 |     1 |    18 |     7 ||    35
       Potion            |       |       |     1 |     2 |     3 ||     6
  Eat: Chunk             |       |    10 |     8 |     4 |       ||    22
       Ration            |       |     1 |       |    11 |     9 ||    21
Armor: Robe              |     5 |     7 |    14 |     9 |       ||    35
       Leather armour    |       |       |       |    12 |    13 ||    25
Dodge: Dodged            |    30 |    29 |    65 |   155 |    58 ||   337
